 Dungeon Crawl Stone Soup version 0.19.4-8-ga85b6b9 (webtiles) character file.

134 Heskey the Skirmisher (level 4, -8/38 HPs)
             Began as a Demonspawn Fighter on Feb 7, 2017.
             Was an Initiate of Makhleb.
             Killed from afar by a hobgoblin (17 damage)
             ... with an exploding inner flame
             ... hexed by the player character
             ... on level 3 of the Dungeon.
             The game lasted 00:03:43 (1539 turns).

Heskey the Skirmisher (Demonspawn Fighter)          Turns: 1539, Time: 00:03:44

Health: -8/38      AC:  7    Str: 22    XL:     4   Next: 95%
Magic:  4/4        EV:  7    Int: 10    God:    Makhleb [......]
Gold:   102        SH:  9    Dex: 12    Spells: 0 memorised, 3 levels left

rFire  + . .     SeeInvis .     a - +0 long sword
rCold  + . .     Gourm    .     b - +0 scale mail
rNeg   . . .     Faith    .     c - +0 shield
rPois  +         Spirit   .     (no helmet)
rElec  +         Reflect  .     (no cloak)
rCorr  +         Harm     .     (no gloves)
MR     .....                    j - +0 pair of boots
Stlth  ..........               (no amulet)
                                (no ring)
                                (no ring)

@: mighty, resistant
A: rot immunity
a: Renounce Religion


You were on level 3 of the Dungeon.
You worshipped Makhleb.
Makhleb was noncommittal.
You were hungry.

You visited 1 branch of the dungeon, and saw 3 of its levels.

You collected 102 gold pieces.

Inventory:

Hand Weapons
 a - a +0 long sword (weapon)
Armour
 b - a +0 scale mail (worn)
 c - a +0 shield (worn)
 j - a +0 pair of boots (worn)
Scrolls
 e - 3 scrolls of identify
 h - 2 scrolls of enchant weapon
Potions
 i - 3 potions of curing
Comestibles
 f - 6 bread rations
 g - 3 royal jellies
 l - a meat ration
 n - a fruit


   Skills:
 * Level 4.4 Fighting
 + Level 2.6 Long Blades
 + Level 3.1 Armour
 + Level 3.1 Shields


You had 3 spell levels left.
You didn't know any spells.

Dungeon Overview and Level Annotations

Branches:
Dungeon (3/15)

Altars:
Makhleb
Uskayaw


Innate Abilities, Weirdness & Mutations

You are immune to rotting.


Message History

It was a potion of resistance.
You feel protected. You block the hobgoblin's attack.
You feel very mighty all of a sudden. The hobgoblin hits you.
* * * LOW HITPOINT WARNING * * *
Okay, then.
Okay, then.
You hit the hobgoblin.
The hobgoblin is moderately wounded.
You block the hobgoblin's attack.
You slash the hobgoblin!
The hobgoblin explodes!
The fiery explosion engulfs the orc.
The orc explodes!
The fiery explosion engulfs the orc.
You kill the orc!
Makhleb accepts your kill. x2
The fiery explosion engulfs you! You resist.
You die...

>.....oo....#
#o## #..########
#....##...#
#†##.##...#
###.##.##...#
PPPPPPP##.##..%#
.
..%..P##§##§..#


P.P P.P.P#.§§§@..# ..P.P.P..§§#§.%# P.PPPPP.P...##...# ..P.....P##.######
PPP.PPP.P##.# ..P...P...#.# P.PPP.P.P†..# ......P.P##.# PPPPPPPPP##.# There were
no monsters in sight!

Vanquished Creatures
  Terence (D:2)
  Robin (D:2)
  An adder (D:2)
  2 oozes
  2 worms (D:2)
  A dart slug (D:1)
  A leopard gecko (D:2)
  5 orcs
  4 giant cockroaches
  14 goblins
  9 hobgoblins
  A quokka (D:2)
  9 bats
  4 frilled lizards
  4 kobolds
  6 rats
65 creatures vanquished.

Notes
Turn   | Place    | Note
-------+----------+-------------------------------------------
     0 | D:1      | Heskey the Demonspawn Fighter began the quest for the Orb.
     0 | D:1      | Reached XP level 1. HP: 18/18 MP: 1/1
   156 | D:1      | Gained mutation: You are immune to rotting. [demonic ancestry]
   156 | D:1      | Reached XP level 2. HP: 24/24 MP: 2/2
   587 | D:2      | Reached XP level 3. HP: 30/30 MP: 3/3
   745 | D:2      | Noticed Robin
   783 | D:2      | Reached skill level 4 in Fighting
   790 | D:2      | Killed Robin
   790 | D:2      | Reached XP level 4. HP: 30/37 MP: 4/4
   839 | D:2      | Noticed Terence
   863 | D:2      | Killed Terence
  1045 | D:2      | Found a hide-covered altar of Uskayaw.
  1354 | D:2      | Found a burning altar of Makhleb.
  1356 | D:2      | Noticed a cacodemon
  1360 | D:2      | Noticed a smoke demon
  1360 | D:2      | Noticed a hellwing
  1364 | D:2      | Became a worshipper of Makhleb the Destroyer
  1539 | D:3      | Killed from afar by a hobgoblin

Skill      XL: |  1  2  3  4 |
---------------+-------------+-----
Long Blades    | 2 |  2.6
Fighting       | 4 |  4.4
Armour         | 3 |  3.1
Shields        | 3 |  3.1

Action                   |  1- 3 |  4- 6 || total
-------------------------+-------+-------++-------
Melee: Long sword        |   114 |   101 ||   215
  Use: Potion            |       |     3 ||     3
       Scroll            |       |     2 ||     2
  Eat: Chunk             |       |     2 ||     2
Armor: Scale mail        |    50 |    42 ||    92
Dodge: Dodged            |    23 |    36 ||    59
Block: Shield            |    60 |    61 ||   121
       Rpst.: Long sword |     9 |     7 ||    16
